Sewer Rats vs Sasquatch

Created - December 9, 2017 at 13:08

Goals
1 2 3 T
Sewer Rats 2 1 2 5
Sasquatch 0 2 0 2
Shots
1 2 3 T
Sewer Rats 10 9 10 29
Sasquatch 17 11 6 34

1st period

1. Sewer Rats , Zach Boychuk 13 (Jared Boll 10, Dmitrij Jaskin 4) at 2:08
2. Sewer Rats , Kyle Turris 17 (Steven Kampfer 4, Richard Bachman) at 14:34

Penalties :
No Penalty

2nd period

3. Sasquatch , Filip Forsberg 17 (Drew Shore 24) at 0:06 (PP)
4. Sewer Rats , Daniel Carr 8 (Dmitrij Jaskin 5, Nick Cousins 4) at 5:18
5. Sasquatch , Petr Straka 8 (Nick Leddy 24, Jonathan Blum 8) at 19:42 (PP)

Penalties :
Steven Kampfer (Tol) for Hooking (Minor) at 0:03, Jarred Tinordi (Tol) for Tripping (Minor) at 18:37

3rd period

6. Sewer Rats , Ville Leino 23 (Kyle Turris 28) at 1:33 (PP)
7. Sewer Rats , Dmitrij Jaskin 2 (Daniel Carr 4, Nick Cousins 5) at 12:39

Penalties :
Tyler Randell (Gat) for High sticking (Minor) at 1:14, Joel Edmundson (Tol) for Holding (Minor) at 16:20

Goalie Stats

Richard Bachman (Tol), 32 saves from 34 shots - (0.941), W, 9-5-0, 60:00 minutes
Joonas Korpisalo (Gat), 24 saves from 29 shots - (0.828), L, 1-4-0, 60:00 minutes

Players Stats for Sewer Rats

Player Name              G  A  P  +/- PIM S  H  SB GA TA FO     MP     PP MP  PK MP  
------------------------------------------------------------------------------------
Connor Carrick           0  0  0   1  0   1  0  1  0  0  0/0    13:06   0:00   1:14 
Daniel Carr              1  1  2   2  0   5  1  0  0  0  1/1     9:22   0:00   0:00 
Dmitrij Jaskin           1  2  3   2  0   1  1  0  1  0  0/0     9:22   0:00   0:00 
Jared Boll               0  1  1   1  0   2  2  0  1  0  0/1    15:32   0:00   0:00 
Jarred Tinordi           0  0  0   1  2   0  1  3  1  0  0/0    23:26   0:19   1:21 
Joel Edmundson           0  0  0   0  2   2  0  0  1  0  0/0    17:26   0:00   0:35 
John Ramage              0  0  0   0  0   1  0  1  0  2  0/0    18:27   0:00   1:16 
Jonathan Huberdeau       0  0  0   1  0   1  0  0  0  0  0/0    12:31   0:00   0:22 
Jonathan Marchessault    0  0  0   1  0   2  0  0  0  0  7/16   15:32   0:00   0:00 
Jonathan Racine          0  0  0   2  0   0  1  0  0  0  0/0     6:06   0:00   0:00 
Kyle Turris              1  1  2   0  0   3  1  1  1  0  14/33  20:43   0:19   0:56 
Mark Mancari             0  0  0   0  0   1  1  0  1  1  0/1    21:33   0:19   1:43 
Martin Frk               0  0  0   1  0   1  1  1  0  0  0/0    12:09   0:00   0:00 
Nick Cousins             0  2  2   2  0   3  1  1  1  1  1/1     9:22   0:00   0:00 
Ryan Murphy              0  0  0   1  0   0  0  0  0  0  0/0    11:30   0:00   0:00 
Steven Kampfer           0  1  1   1  2   1  0  3  0  0  0/0    23:53   0:19   1:48 
Ville Leino              1  0  1   0  0   2  2  0  2  0  0/3    21:34   0:19   1:47 
Vincent Trocheck         0  0  0   1  0   0  2  0  0  0  1/4    12:42   0:00   0:30 
Xavier Ouellet           0  0  0   2  0   0  0  0  0  0  0/0     6:06   0:00   0:00 
Zach Boychuk             1  0  1   1  0   3  1  0  1  0  0/0    16:28   0:00   0:56 

Players Stats for Sasquatch

Player Name              G  A  P  +/- PIM S  H  SB GA TA FO     MP     PP MP  PK MP  
------------------------------------------------------------------------------------
Brock Trotter            0  0  0  -1  0   1  2  0  0  1  0/0    13:10   0:00   0:00 
Danny DeKeiser           0  0  0   0  0   0  1  0  0  2  0/0    25:44   1:06   0:00 
Drew Shore               0  1  1   0  0   3  0  2  0  0  20/32  21:27   1:29   0:19 
Filip Forsberg           1  0  1   0  0   3  1  0  1  1  1/2    21:08   1:29   0:00 
Garnet Hathaway          0  0  0  -1  0   2  0  0  0  0  0/2    15:14   0:00   0:19 
Jason Akeson             0  0  0   0  0   2  1  0  1  0  1/2    21:08   1:29   0:00 
Jason Zucker             0  0  0  -1  0   4  0  0  0  0  1/2    16:33   1:38   0:00 
Jonathan Blum            0  1  1  -2  0   1  1  1  0  3  0/0    19:25   2:01   0:00 
Martin Marincin          0  0  0  -2  0   1  1  1  0  1  0/0    14:45   0:00   0:19 
Nick Bjugstad            0  0  0  -1  0   3  2  0  0  0  8/11   16:33   1:38   0:00 
Nick Leddy               0  1  1   0  0   4  2  2  1  0  0/0    23:54   2:03   0:19 
Petr Straka              1  0  1  -1  0   3  1  1  0  0  0/0    14:48   1:38   0:00 
Rickard Rakell           0  0  0  -1  0   2  0  0  0  1  3/5    13:10   0:00   0:00 
Sergey Kalinin           0  0  0  -2  0   0  0  1  0  0  2/4     8:50   0:00   0:00 
Slava Voynov             0  0  0  -2  0   1  0  0  0  0  0/0    16:27   0:00   0:00 
Teemu Hartikainen        0  0  0  -2  0   3  0  1  0  0  0/0     8:50   0:00   0:00 
Ty Wishart               0  0  0  -2  0   0  2  3  0  1  0/0    19:45   1:04   0:00 
Tyler Randell            0  0  0  -2  2   1  4  0  1  0  0/0     8:49   0:00   0:00 

3 Stars

1 - Dmitrij Jaskin (Tol)
2 - Daniel Carr (Tol)
3 - Nick Cousins (Tol)

Power Play

Sewer Rats - 1 on 1 Attempt(s) - 100.00%
Sasquatch - 2 on 3 Attempt(s) - 66.67%

Penalty Kill

Sewer Rats - 1 on 3 Attempt(s) - 33.33% - Score 0 goal in Penalty Kill
Sasquatch - 0 on 1 Attempt(s) - 0.00% - Score 0 goal in Penalty Kill

Team Stat

Sewer Rats - Hits : 15 - Faceoff Wins : 24 - Blocked Shots : 11 - Penalty Minutes : 6
Sasquatch - Hits : 18 - Faceoff Wins : 36 - Blocked Shots : 12 - Penalty Minutes : 2

Official

Referees : Rehman Kyle and O'Halloran Dan
Linesman : Steve Miller and Steve Barton

Game Notes

No Game Note

Finance

Level 1 -- Attendance: 1331 (66.55%) -- Ticket Income $53,240
Level 2 -- Attendance: 728 (72.80%) -- Ticket Income $14,560
Total Attendance: 2059 (68.63%)
Total Ticket Income: $67,800
Other Income: $3,390
Total Income: $71,190

Sewer Rats

5 vs 5 Forward 
   Center                   Left Wing                Right Wing               Time % Phy DF OF 
 1 Kyle Turris              Ville Leino              Mark Mancari             40     1   2  2  
 2 Jonathan Marchessault    Zach Boychuk             Jared Boll               30     1   2  2  
 3 Vincent Trocheck         Jonathan Huberdeau       Martin Frk               20     1   2  2  
 4 Nick Cousins             Daniel Carr              Dmitrij Jaskin           10     1   2  2  

5 vs 5 Defense 
   Defense                  Defense                                           Time % Phy DF OF 
 1 Steven Kampfer           Jarred Tinordi                                    40     1   2  2  
 2 Joel Edmundson           John Ramage                                       30     1   2  2  
 3 Ryan Murphy              Connor Carrick                                    20     1   2  2  
 4 Jonathan Racine          Xavier Ouellet                                    10     1   2  2  

PowerPlay Forward 
   Center                   Left Wing                Right Wing               Time % Phy DF OF 
 1 Kyle Turris              Ville Leino              Mark Mancari             60     1   2  2  
 2 Jonathan Marchessault    Zach Boychuk             Jared Boll               40     1   2  2  

PowerPlay Defense
   Defense                  Defense                                           Time % Phy DF OF 
 1 Steven Kampfer           Jarred Tinordi                                    60     1   2  2  
 2 Joel Edmundson           John Ramage                                       40     1   2  2  

Penalty Kill 4 Players Forward 
   Center                   Wing                     Time % Phy DF OF 
 1 Ville Leino              Mark Mancari             60     1   2  2  
 2 Zach Boychuk             Kyle Turris              40     1   2  2  

Penalty Kill 4 Players Defense
   Defense                  Defense                  Time % Phy DF OF 
 1 Steven Kampfer           Jarred Tinordi           60     1   2  2  
 2 Joel Edmundson           John Ramage              40     1   2  2  

Penalty Kill - 3 Players Forward 
   Forward                                           Time % Phy DF OF 
 1 Ville Leino                                       60     1   2  2  
 2 Mark Mancari                                      40     1   2  2  

Penalty Kill - 3 Players Defense
   Defense                  Defense                  Time % Phy DF OF 
 1 Steven Kampfer           Jarred Tinordi           60     1   2  2  
 2 Joel Edmundson           John Ramage              40     1   2  2  

4 vs 4 Forward 
   Center                   Wing                     Time % Phy DF OF 
 1 Ville Leino              Mark Mancari             60     1   2  2  
 2 Zach Boychuk             Kyle Turris              40     1   2  2  

4 vs 4 Defense
   Defense                  Defense                  Time % Phy DF OF 
 1 Steven Kampfer           Jarred Tinordi           60     1   2  2  
 2 Joel Edmundson           John Ramage              40     1   2  2  

Last Minutes Offensive
   Center                   Left Wing                Right Wing               Defense                  Defense                  
   Kyle Turris              Ville Leino              Mark Mancari             Steven Kampfer           Jarred Tinordi           

Last Minutes Defensive
   Center                   Left Wing                Right Wing               Defense                  Defense                  
   Kyle Turris              Ville Leino              Mark Mancari             Steven Kampfer           Jarred Tinordi           

Goaltenders
Starting : Richard Bachman          
Backup : Marek Mazanek            

Extra Forwards
Normal : Jonathan Huberdeau, Daniel Carr, Vincent Trocheck - PP : Jonathan Huberdeau, Daniel Carr - PK : Vincent Trocheck
Extra Defensemen
Normal : Ryan Murphy, Connor Carrick, Jonathan Racine - PP : Ryan Murphy - PK : Connor Carrick, Jonathan Racine
Penalty Shots
Ville Leino, Mark Mancari, Zach Boychuk, Kyle Turris, Jared Boll

Scratches
William Karlsson (Sprained Left Finger Injury), Mattias Ekholm (Abdominal Strain Injury), Josh Archibald (Healthy), Joseph Blandisi (Healthy), Chris Calhan (Healthy)
Tom Sestito (Healthy)

Sasquatch

5 vs 5 Forward 
   Center                   Left Wing                Right Wing               Time % Phy DF OF 
 1 Drew Shore               Filip Forsberg           Jason Akeson             40     1   2  2  
 2 Nick Bjugstad            Jason Zucker             Garnet Hathaway          30     1   2  2  
 3 Rickard Rakell           Brock Trotter            Petr Straka              20     1   2  2  
 4 Sergey Kalinin           Teemu Hartikainen        Tyler Randell            10     1   2  2  

5 vs 5 Defense 
   Defense                  Defense                                           Time % Phy DF OF 
 1 Danny DeKeiser           Nick Leddy                                        40     1   2  2  
 2 Ty Wishart               Jonathan Blum                                     30     1   2  2  
 3 Martin Marincin          Slava Voynov                                      20     1   2  2  
 4 Slava Voynov             Danny DeKeiser                                    10     1   2  2  

PowerPlay Forward 
   Center                   Left Wing                Right Wing               Time % Phy DF OF 
 1 Drew Shore               Filip Forsberg           Jason Akeson             60     1   2  2  
 2 Nick Bjugstad            Jason Zucker             Petr Straka              40     1   2  2  

PowerPlay Defense
   Defense                  Defense                                           Time % Phy DF OF 
 1 Danny DeKeiser           Nick Leddy                                        60     1   2  2  
 2 Ty Wishart               Jonathan Blum                                     40     1   2  2  

Penalty Kill 4 Players Forward 
   Center                   Wing                     Time % Phy DF OF 
 1 Drew Shore               Garnet Hathaway          60     1   2  2  
 2 Sergey Kalinin           Teemu Hartikainen        40     1   2  2  

Penalty Kill 4 Players Defense
   Defense                  Defense                  Time % Phy DF OF 
 1 Martin Marincin          Nick Leddy               60     1   2  2  
 2 Danny DeKeiser           Jonathan Blum            40     1   2  2  

Penalty Kill - 3 Players Forward 
   Forward                                           Time % Phy DF OF 
 1 Sergey Kalinin                                    60     1   2  2  
 2 Brock Trotter                                     40     1   2  2  

Penalty Kill - 3 Players Defense
   Defense                  Defense                  Time % Phy DF OF 
 1 Martin Marincin          Nick Leddy               60     1   2  2  
 2 Danny DeKeiser           Jonathan Blum            40     1   2  2  

4 vs 4 Forward 
   Center                   Wing                     Time % Phy DF OF 
 1 Nick Bjugstad            Filip Forsberg           60     1   2  2  
 2 Drew Shore               Jason Zucker             40     1   2  2  

4 vs 4 Defense
   Defense                  Defense                  Time % Phy DF OF 
 1 Ty Wishart               Nick Leddy               60     1   2  2  
 2 Danny DeKeiser           Jonathan Blum            40     1   2  2  

Last Minutes Offensive
   Center                   Left Wing                Right Wing               Defense                  Defense                  
   Drew Shore               Filip Forsberg           Jason Akeson             Jonathan Blum            Nick Leddy               

Last Minutes Defensive
   Center                   Left Wing                Right Wing               Defense                  Defense                  
   Drew Shore               Filip Forsberg           Garnet Hathaway          Martin Marincin          Danny DeKeiser           

Goaltenders
Starting : Joonas Korpisalo         
Backup : Corey Crawford           

Extra Forwards
Normal : Jason Zucker, Rickard Rakell, Teemu Hartikainen - PP : Jason Zucker, Rickard Rakell - PK : Teemu Hartikainen
Extra Defensemen
Normal : Ty Wishart, Slava Voynov, Danny DeKeiser - PP : Ty Wishart - PK : Slava Voynov, Danny DeKeiser
Penalty Shots
Jason Akeson, Jason Zucker, Nick Leddy, Filip Forsberg, Tyler Randell

Scratches
Andy Andreoff (Healthy), T.J. Tynan (Healthy), Ty Rattie (Healthy), Joey Laleggia (Healthy), Greg Pateryn (Lacerated Left Calf Injury)
Jack Campbell (Healthy)

% Time on Ice - Sewer Rats

Lines # - Real PCT - Wanted PCT - Time Play
Normal Forward
1 - 35% - 40% - 19:31
2 - 27% - 30% - 15:32
3 - 21% - 20% - 12:09
4 - 17% - 10% - 9:22
Normal Defense
1 - 39% - 40% - 21:47
2 - 30% - 30% - 17:11
3 - 20% - 20% - 11:30
4 - 11% - 10% - 6:06
PP Forward
1 - 100% - 60% - 0:19
2 - 0% - 40% - 0:00
PP Defense
1 - 100% - 60% - 0:19
2 - 0% - 40% - 0:00
PK Forward
1 - 70% - 60% - 2:11
2 - 30% - 40% - 0:56
PK Defense
1 - 59% - 60% - 1:51
2 - 41% - 40% - 1:16
PK3 Forward
1 - 0% - 60%
2 - 0% - 40%
PK3 Defense
1 - 0% - 60%
2 - 0% - 40%
44 Forward
1 - 0% - 60%
2 - 0% - 40%
44 Defense
1 - 0% - 60%
2 - 0% - 40%
Last Minute Offensive  - 0:00
Last Minute Defensive  - 0:00
Total
Forward - 60:00
Defense - 60:00

% Time on Ice - Sasquatch

Lines # - Real PCT - Wanted PCT - Time Play
Normal Forward
1 - 35% - 40% - 19:39
2 - 26% - 30% - 14:55
3 - 23% - 20% - 13:10
4 - 16% - 10% - 8:50
Normal Defense
1 - 38% - 40% - 21:26
2 - 33% - 30% - 18:41
3 - 22% - 20% - 12:19
4 - 7% - 10% - 4:08
PP Forward
1 - 48% - 60% - 1:29
2 - 52% - 40% - 1:38
PP Defense
1 - 66% - 60% - 2:03
2 - 34% - 40% - 1:04
PK Forward
1 - 100% - 60% - 0:19
2 - 0% - 40% - 0:00
PK Defense
1 - 100% - 60% - 0:19
2 - 0% - 40% - 0:00
PK3 Forward
1 - 0% - 60%
2 - 0% - 40%
PK3 Defense
1 - 0% - 60%
2 - 0% - 40%
44 Forward
1 - 0% - 60%
2 - 0% - 40%
44 Defense
1 - 0% - 60%
2 - 0% - 40%
Last Minute Offensive  - 0:00
Last Minute Defensive  - 0:00
Total
Forward - 60:00
Defense - 60:00

Play by Play

1st period


0:01 of 1st period - Kyle Turris wins face-off versus Drew Shore in neutral zone.
0:08 of 1st period - Off-side.
0:09 of 1st period - Drew Shore wins face-off versus Mark Mancari in neutral zone.
0:16 of 1st period - Slapshot by Jason Akeson.
0:16 of 1st period - Deflect By Jarred Tinordi.
0:16 of 1st period - Shot Blocked by Jarred Tinordi.
0:16 of 1st period - Puck is out of play.
0:17 of 1st period - Jonathan Marchessault wins face-off versus Nick Bjugstad in Sewer Rats zone.
0:17 of 1st period - Jonathan Marchessault is hit by Nick Bjugstad.
0:22 of 1st period - Off-side.
0:23 of 1st period - Nick Bjugstad wins face-off versus Jonathan Marchessault in neutral zone.
0:34 of 1st period - Snap shot by Garnet Hathaway.
0:34 of 1st period - Shot Misses the Net.
0:36 of 1st period - Snap shot by Jonathan Blum.
0:36 of 1st period - Stopped by Richard Bachman with a rebound.
0:38 of 1st period - Wrist shot by Nick Bjugstad.
0:38 of 1st period - Shot Blocked by John Ramage.
1:16 of 1st period - Wrist shot by Filip Forsberg.
1:16 of 1st period - Stopped by Richard Bachman without a rebound.
1:17 of 1st period - Sergey Kalinin wins face-off versus Kyle Turris in Sewer Rats zone.
1:22 of 1st period - Wrist shot by Teemu Hartikainen.
1:22 of 1st period - Stopped by Richard Bachman with a rebound.
1:42 of 1st period - Drew Shore is hit by Nick Cousins.
1:50 of 1st period - Snap shot by Drew Shore.
1:50 of 1st period - Stopped by Richard Bachman with a rebound.
1:56 of 1st period - Filip Forsberg is hit by Daniel Carr.
2:08 of 1st period - Snap shot by Zach Boychuk.
2:08 of 1st period - Goal by Zach Boychuk - Sewer Rats : 1 - Sasquatch : 0.
2:09 of 1st period - Nick Bjugstad wins face-off versus Jared Boll in neutral zone.
2:48 of 1st period - Slapshot by Jonathan Marchessault.
2:48 of 1st period - Stopped by Joonas Korpisalo without a rebound.
2:49 of 1st period - Rickard Rakell wins face-off versus Kyle Turris in Sasquatch zone.
4:19 of 1st period - John Ramage is hit by Danny DeKeiser and loses puck.
4:38 of 1st period - Snap shot by Nick Bjugstad.
4:38 of 1st period - Deflect By Ville Leino.
4:38 of 1st period - Stopped by Richard Bachman with a rebound.
4:40 of 1st period - Slapshot by Danny DeKeiser.
4:40 of 1st period - Shot Misses the Net.
4:46 of 1st period - Snap shot by Jason Zucker.
4:46 of 1st period - Stopped by Richard Bachman without a rebound.
4:47 of 1st period - Drew Shore wins face-off versus Jonathan Marchessault in Sewer Rats zone.
4:56 of 1st period - Wrist shot by Filip Forsberg.
4:56 of 1st period - Shot Blocked by Jarred Tinordi.
5:13 of 1st period - Slava Voynov is hit by Vincent Trocheck and loses puck.
5:59 of 1st period - Snap shot by Filip Forsberg.
5:59 of 1st period - Shot Misses the Net.
6:01 of 1st period - Slapshot by Slava Voynov.
6:01 of 1st period - Stopped by Richard Bachman with a rebound.
6:15 of 1st period - Slava Voynov is hit by Vincent Trocheck and loses puck.
6:34 of 1st period - Snap shot by Ville Leino.
6:34 of 1st period - Shot Misses the Net.
6:40 of 1st period - Snap shot by Jason Zucker.
6:40 of 1st period - Stopped by Richard Bachman without a rebound.
6:41 of 1st period - Kyle Turris wins face-off versus Jason Akeson in Sewer Rats zone.
6:46 of 1st period - Drew Shore is hit by Mark Mancari and loses puck.
7:14 of 1st period - Jonathan Marchessault is hit by Nick Bjugstad and loses puck.
7:35 of 1st period - Slapshot by Martin Frk.
7:35 of 1st period - Stopped by Joonas Korpisalo without a rebound.
7:36 of 1st period - Drew Shore wins face-off versus Kyle Turris in Sasquatch zone.
7:41 of 1st period - Snap shot by Mark Mancari.
7:41 of 1st period - Shot Blocked by Ty Wishart.
7:52 of 1st period - Slapshot by Drew Shore.
7:52 of 1st period - Stopped by Richard Bachman without a rebound.
7:53 of 1st period - Jonathan Marchessault wins face-off versus Garnet Hathaway in Sewer Rats zone.
8:05 of 1st period - Wrist shot by Nick Leddy.
8:05 of 1st period - Stopped by Richard Bachman without a rebound.
8:06 of 1st period - Drew Shore wins face-off versus Kyle Turris in Sewer Rats zone.
8:09 of 1st period - Snap shot by Jason Akeson.
8:09 of 1st period - Stopped by Richard Bachman with a rebound.
8:11 of 1st period - Snap shot by Jason Akeson.
8:11 of 1st period - Stopped by Richard Bachman without a rebound.
8:12 of 1st period - Drew Shore wins face-off versus Kyle Turris in Sewer Rats zone.
8:38 of 1st period - Off-side.
8:39 of 1st period - Jonathan Marchessault wins face-off versus Jason Zucker in neutral zone.
9:04 of 1st period - Nick Bjugstad is hit by Zach Boychuk and loses puck.
9:28 of 1st period - Icing by Garnet Hathaway.
9:29 of 1st period - Kyle Turris wins face-off versus Nick Bjugstad in Sasquatch zone.
9:30 of 1st period - Snap shot by Mark Mancari.
9:30 of 1st period - Shot Misses the Net.
10:36 of 1st period - Kyle Turris is hit by Tyler Randell and loses puck.
11:38 of 1st period - Wrist shot by Nick Cousins.
11:38 of 1st period - Stopped by Joonas Korpisalo with a rebound.
11:40 of 1st period - Slapshot by Nick Cousins.
11:40 of 1st period - Stopped by Joonas Korpisalo with a rebound.
11:42 of 1st period - Slapshot by John Ramage.
11:42 of 1st period - Stopped by Joonas Korpisalo without a rebound.
11:43 of 1st period - Drew Shore wins face-off versus Kyle Turris in Sasquatch zone.
12:41 of 1st period - Wrist shot by Petr Straka.
12:41 of 1st period - Stopped by Richard Bachman without a rebound.
12:42 of 1st period - Drew Shore wins face-off versus Kyle Turris in Sewer Rats zone.
12:45 of 1st period - Wrist shot by Filip Forsberg.
12:45 of 1st period - Stopped by Richard Bachman without a rebound.
12:46 of 1st period - Kyle Turris wins face-off versus Drew Shore in Sewer Rats zone.
13:02 of 1st period - Snap shot by Kyle Turris.
13:02 of 1st period - Stopped by Joonas Korpisalo with a rebound.
13:42 of 1st period - Backhand shot by Jason Zucker.
13:42 of 1st period - Shot Misses the Net.
13:44 of 1st period - Slapshot by Slava Voynov.
13:44 of 1st period - Shot Blocked by Connor Carrick.
13:52 of 1st period - Wrist shot by Jared Boll.
13:52 of 1st period - Stopped by Joonas Korpisalo with a rebound.
14:00 of 1st period - Wrist shot by Jason Zucker.
14:00 of 1st period - Stopped by Richard Bachman without a rebound.
14:01 of 1st period - Drew Shore wins face-off versus Kyle Turris in Sewer Rats zone.
14:34 of 1st period - Snap shot by Kyle Turris.
14:34 of 1st period - Goal by Kyle Turris - Sewer Rats : 2 - Sasquatch : 0.
14:35 of 1st period - Drew Shore wins face-off versus Kyle Turris in neutral zone.
15:46 of 1st period - Wrist shot by Filip Forsberg.
15:46 of 1st period - Shot Misses the Net.
16:23 of 1st period - Wrist shot by Jonathan Huberdeau.
16:23 of 1st period - Stopped by Joonas Korpisalo without a rebound.
16:24 of 1st period - Rickard Rakell wins face-off versus Kyle Turris in Sasquatch zone.
16:31 of 1st period - Backhand shot by Brock Trotter.
16:31 of 1st period - Shot Misses the Net.
16:33 of 1st period - Slapshot by Rickard Rakell.
16:33 of 1st period - Stopped by Richard Bachman with a rebound.
17:14 of 1st period - Slapshot by Nick Bjugstad.
17:14 of 1st period - Deflect By Jason Zucker.
17:14 of 1st period - Shot Misses the Net.
17:14 of 1st period - Puck is out of play.
17:15 of 1st period - Vincent Trocheck wins face-off versus Drew Shore in Sewer Rats zone.
17:15 of 1st period - Vincent Trocheck is hit by Filip Forsberg.
17:23 of 1st period - Nick Leddy is hit by Martin Frk and loses puck.
17:30 of 1st period - Jarred Tinordi is hit by Jason Akeson and loses puck.
18:10 of 1st period - Snap shot by Rickard Rakell.
18:10 of 1st period - Stopped by Richard Bachman with a rebound.
18:53 of 1st period - Snap shot by Jason Akeson.
18:53 of 1st period - Shot Blocked by Steven Kampfer.
19:25 of 1st period - Jared Boll is hit by Jonathan Blum.
19:26 of 1st period - Icing by Jared Boll.
19:27 of 1st period - Jonathan Marchessault wins face-off versus Rickard Rakell in Sewer Rats zone.
19:27 of 1st period - Jonathan Marchessault is hit by Brock Trotter.
19:53 of 1st period - Nick Leddy is hit by Kyle Turris and loses puck.
Goals for this period are 2 for Sewer Rats vs 0 for Sasquatch.
Shots for this period are 10 for Sewer Rats vs 17 for Sasquatch.

2nd period


0:01 of 2nd period - Kyle Turris wins face-off versus Filip Forsberg in neutral zone.
0:03 of 2nd period - Minor Penalty to Steven Kampfer for Hooking.
0:04 of 2nd period - Drew Shore wins face-off versus Ville Leino in Sewer Rats zone.
0:06 of 2nd period - Wrist shot by Filip Forsberg.
0:06 of 2nd period - Goal by Filip Forsberg - Sewer Rats : 2 - Sasquatch : 1.
0:07 of 2nd period - Kyle Turris wins face-off versus Drew Shore in neutral zone.
0:10 of 2nd period - Slapshot by Steven Kampfer.
0:10 of 2nd period - Stopped by Joonas Korpisalo without a rebound.
0:11 of 2nd period - Filip Forsberg wins face-off versus Kyle Turris in Sasquatch zone.
2:25 of 2nd period - Filip Forsberg is hit by Ville Leino.
4:07 of 2nd period - Snap shot by Jason Akeson.
4:07 of 2nd period - Deflect By Drew Shore.
4:07 of 2nd period - Shot Misses the Net.
4:07 of 2nd period - Puck is out of play.
4:08 of 2nd period - Nick Bjugstad wins face-off versus Jonathan Marchessault in Sewer Rats zone.
4:11 of 2nd period - Snap shot by Garnet Hathaway.
4:11 of 2nd period - Stopped by Richard Bachman with a rebound.
4:13 of 2nd period - Slapshot by Ty Wishart.
4:13 of 2nd period - Deflect By Jason Zucker.
4:13 of 2nd period - Stopped by Richard Bachman without a rebound.
4:14 of 2nd period - Nick Bjugstad wins face-off versus Jonathan Marchessault in Sewer Rats zone.
5:06 of 2nd period - Snap shot by Daniel Carr.
5:06 of 2nd period - Stopped by Joonas Korpisalo without a rebound.
5:07 of 2nd period - Nick Cousins wins face-off versus Sergey Kalinin in Sasquatch zone.
5:08 of 2nd period - Slapshot by Daniel Carr.
5:08 of 2nd period - Stopped by Joonas Korpisalo with a rebound.
5:10 of 2nd period - Slapshot by Nick Cousins.
5:10 of 2nd period - Stopped by Joonas Korpisalo with a rebound.
5:12 of 2nd period - Wrist shot by Dmitrij Jaskin.
5:12 of 2nd period - Shot Blocked by Martin Marincin.
5:14 of 2nd period - Wrist shot by Daniel Carr.
5:14 of 2nd period - Shot Misses the Net.
5:16 of 2nd period - Snap shot by Daniel Carr.
5:16 of 2nd period - Stopped by Joonas Korpisalo with a rebound.
5:18 of 2nd period - Snap shot by Daniel Carr.
5:18 of 2nd period - Goal by Daniel Carr - Sewer Rats : 3 - Sasquatch : 1.
5:19 of 2nd period - Jason Zucker wins face-off versus Jonathan Marchessault in neutral zone.
5:34 of 2nd period - Zach Boychuk is hit by Martin Marincin.
5:44 of 2nd period - John Ramage is hit by Tyler Randell and loses puck.
6:51 of 2nd period - Backhand shot by Ty Wishart.
6:51 of 2nd period - Shot Misses the Net.
8:11 of 2nd period - Martin Marincin is hit by Jonathan Racine and loses puck.
9:54 of 2nd period - Zach Boychuk is hit by Tyler Randell and loses puck.
10:05 of 2nd period - Jonathan Marchessault is hit by Brock Trotter and loses puck.
14:36 of 2nd period - Daniel Carr is hit by Nick Leddy and loses puck.
14:47 of 2nd period - Martin Frk is hit by Tyler Randell and loses puck.
15:04 of 2nd period - Jonathan Marchessault is hit by Ty Wishart and loses puck.
15:14 of 2nd period - Icing by Jason Akeson.
15:15 of 2nd period - Kyle Turris wins face-off versus Drew Shore in Sasquatch zone.
15:20 of 2nd period - Snap shot by Jonathan Huberdeau.
15:20 of 2nd period - Shot Blocked by Ty Wishart.
15:40 of 2nd period - Snap shot by Garnet Hathaway.
15:40 of 2nd period - Deflect By Nick Bjugstad.
15:40 of 2nd period - Deflect By Kyle Turris.
15:40 of 2nd period - Stopped by Richard Bachman with a rebound.
16:05 of 2nd period - Off-side.
16:06 of 2nd period - Nick Bjugstad wins face-off versus Kyle Turris in neutral zone.
16:19 of 2nd period - Snap shot by Garnet Hathaway.
16:19 of 2nd period - Shot Misses the Net.
16:21 of 2nd period - Slapshot by Nick Leddy.
16:21 of 2nd period - Stopped by Richard Bachman with a rebound.
16:31 of 2nd period - Jonathan Marchessault is hit by Nick Leddy and loses puck.
17:12 of 2nd period - Slava Voynov is hit by Ville Leino and loses puck.
17:17 of 2nd period - Snap shot by Ville Leino.
17:17 of 2nd period - Shot Misses the Net.
17:19 of 2nd period - Snap shot by Kyle Turris.
17:19 of 2nd period - Shot Misses the Net.
17:21 of 2nd period - Wrist shot by Connor Carrick.
17:21 of 2nd period - Stopped by Joonas Korpisalo with a rebound.
18:08 of 2nd period - Snap shot by Dmitrij Jaskin.
18:08 of 2nd period - Shot Blocked by Teemu Hartikainen.
18:10 of 2nd period - Wrist shot by Dmitrij Jaskin.
18:10 of 2nd period - Shot Misses the Net.
18:12 of 2nd period - Snap shot by Daniel Carr.
18:12 of 2nd period - Shot Blocked by Sergey Kalinin.
18:20 of 2nd period - Wrist shot by Jonathan Blum.
18:20 of 2nd period - Shot Misses the Net.
18:22 of 2nd period - Snap shot by Teemu Hartikainen.
18:22 of 2nd period - Stopped by Richard Bachman with a rebound.
18:28 of 2nd period - Wrist shot by Tyler Randell.
18:28 of 2nd period - Stopped by Richard Bachman with a rebound.
18:30 of 2nd period - Snap shot by Teemu Hartikainen.
18:30 of 2nd period - Stopped by Richard Bachman with a rebound.
18:32 of 2nd period - Snap shot by Tyler Randell.
18:32 of 2nd period - Shot Misses the Net.
18:37 of 2nd period - Minor Penalty to Jarred Tinordi for Tripping.
18:38 of 2nd period - Drew Shore wins face-off versus Ville Leino in Sewer Rats zone.
19:34 of 2nd period - Snap shot by Jason Zucker.
19:34 of 2nd period - Shot Misses the Net.
19:36 of 2nd period - Slapshot by Petr Straka.
19:36 of 2nd period - Stopped by Richard Bachman with a rebound.
19:38 of 2nd period - Snap shot by Jonathan Blum.
19:38 of 2nd period - Shot Blocked by Kyle Turris.
19:40 of 2nd period - Slapshot by Nick Leddy.
19:40 of 2nd period - Stopped by Richard Bachman with a rebound.
19:42 of 2nd period - Snap shot by Petr Straka.
19:42 of 2nd period - Goal by Petr Straka - Sewer Rats : 3 - Sasquatch : 2.
19:43 of 2nd period - Jonathan Marchessault wins face-off versus Drew Shore in neutral zone.
19:48 of 2nd period - Snap shot by Jared Boll.
19:48 of 2nd period - Stopped by Joonas Korpisalo with a rebound.
19:50 of 2nd period - Slapshot by Zach Boychuk.
19:50 of 2nd period - Stopped by Joonas Korpisalo without a rebound.
19:51 of 2nd period - Drew Shore wins face-off versus Jonathan Marchessault in Sasquatch zone.
19:51 of 2nd period - Drew Shore is hit by Jared Boll.
Goals for this period are 1 for Sewer Rats vs 2 for Sasquatch.
Shots for this period are 9 for Sewer Rats vs 11 for Sasquatch.

3rd period


0:01 of 3rd period - Drew Shore wins face-off versus Kyle Turris in neutral zone.
1:05 of 3rd period - Icing by Jonathan Huberdeau.
1:06 of 3rd period - Sergey Kalinin wins face-off versus Vincent Trocheck in Sewer Rats zone.
1:14 of 3rd period - Minor Penalty to Tyler Randell for High sticking.
1:15 of 3rd period - Kyle Turris wins face-off versus Drew Shore in Sasquatch zone.
1:17 of 3rd period - Wrist shot by Ville Leino.
1:17 of 3rd period - Stopped by Joonas Korpisalo without a rebound.
1:18 of 3rd period - Kyle Turris wins face-off versus Drew Shore in Sasquatch zone.
1:27 of 3rd period - Wrist shot by Kyle Turris.
1:27 of 3rd period - Stopped by Joonas Korpisalo without a rebound.
1:28 of 3rd period - Kyle Turris wins face-off versus Drew Shore in Sasquatch zone.
1:33 of 3rd period - Backhand shot by Ville Leino.
1:33 of 3rd period - Goal by Ville Leino - Sewer Rats : 4 - Sasquatch : 2.
1:34 of 3rd period - Jason Akeson wins face-off versus Kyle Turris in neutral zone.
1:52 of 3rd period - Icing by Danny DeKeiser.
1:53 of 3rd period - Drew Shore wins face-off versus Jonathan Marchessault in Sasquatch zone.
2:21 of 3rd period - Wrist shot by Nick Bjugstad.
2:21 of 3rd period - Shot Misses the Net.
2:56 of 3rd period - Brock Trotter is hit by Dmitrij Jaskin and loses puck.
3:03 of 3rd period - Wrist shot by Daniel Carr.
3:03 of 3rd period - Stopped by Joonas Korpisalo without a rebound.
3:04 of 3rd period - Kyle Turris wins face-off versus Drew Shore in Sasquatch zone.
3:05 of 3rd period - Wrist shot by Mark Mancari.
3:05 of 3rd period - Stopped by Joonas Korpisalo without a rebound.
3:06 of 3rd period - Kyle Turris wins face-off versus Drew Shore in Sasquatch zone.
3:09 of 3rd period - Wrist shot by Kyle Turris.
3:09 of 3rd period - Shot Blocked by Drew Shore.
3:11 of 3rd period - Snap shot by Ville Leino.
3:11 of 3rd period - Shot Misses the Net.
3:44 of 3rd period - Icing by Ty Wishart.
3:45 of 3rd period - Jonathan Marchessault wins face-off versus Rickard Rakell in Sasquatch zone.
3:54 of 3rd period - Brock Trotter is hit by Jarred Tinordi and loses puck.
4:01 of 3rd period - Snap shot by Jonathan Marchessault.
4:01 of 3rd period - Stopped by Joonas Korpisalo with a rebound.
4:17 of 3rd period - Martin Frk is hit by Ty Wishart.
4:37 of 3rd period - Snap shot by Jason Zucker.
4:37 of 3rd period - Shot Blocked by Nick Cousins.
5:13 of 3rd period - Snap shot by Brock Trotter.
5:13 of 3rd period - Stopped by Richard Bachman without a rebound.
5:14 of 3rd period - Rickard Rakell wins face-off versus Jonathan Marchessault in Sewer Rats zone.
6:41 of 3rd period - Slapshot by Garnet Hathaway.
6:41 of 3rd period - Stopped by Richard Bachman with a rebound.
6:43 of 3rd period - Slapshot by Jason Zucker.
6:43 of 3rd period - Deflect By Nick Bjugstad.
6:43 of 3rd period - Stopped by Richard Bachman without a rebound.
6:44 of 3rd period - Drew Shore wins face-off versus Vincent Trocheck in Sewer Rats zone.
6:48 of 3rd period - Icing by Jarred Tinordi.
6:49 of 3rd period - Drew Shore wins face-off versus Vincent Trocheck in Sewer Rats zone.
6:50 of 3rd period - Slapshot by Jason Akeson.
6:50 of 3rd period - Shot Blocked by Steven Kampfer.
8:38 of 3rd period - Kyle Turris is hit by Petr Straka and loses puck.
8:45 of 3rd period - Wrist shot by Brock Trotter.
8:45 of 3rd period - Deflect By Rickard Rakell.
8:45 of 3rd period - Shot Misses the Net.
8:45 of 3rd period - Puck is out of play.
8:46 of 3rd period - Jonathan Marchessault wins face-off versus Garnet Hathaway in Sewer Rats zone.
10:16 of 3rd period - Slapshot by Nick Leddy.
10:16 of 3rd period - Stopped by Richard Bachman with a rebound.
10:22 of 3rd period - Wrist shot by Zach Boychuk.
10:22 of 3rd period - Stopped by Joonas Korpisalo without a rebound.
10:23 of 3rd period - Nick Bjugstad wins face-off versus Kyle Turris in Sasquatch zone.
10:28 of 3rd period - Snap shot by Jonathan Blum.
10:28 of 3rd period - Deflect By Jason Zucker.
10:28 of 3rd period - Shot Blocked by Jarred Tinordi.
10:28 of 3rd period - Puck is out of play.
10:29 of 3rd period - Drew Shore wins face-off versus Kyle Turris in Sewer Rats zone.
10:57 of 3rd period - Snap shot by Zach Boychuk.
10:57 of 3rd period - Shot Blocked by Jonathan Blum.
11:38 of 3rd period - Slapshot by Drew Shore.
11:38 of 3rd period - Stopped by Richard Bachman with a rebound.
11:40 of 3rd period - Backhand shot by Jason Akeson.
11:40 of 3rd period - Shot Misses the Net.
11:42 of 3rd period - Slapshot by Martin Marincin.
11:42 of 3rd period - Stopped by Richard Bachman with a rebound.
11:44 of 3rd period - Snap shot by Jason Akeson.
11:44 of 3rd period - Deflect By Drew Shore.
11:44 of 3rd period - Shot Blocked by Martin Frk.
11:44 of 3rd period - Puck is out of play.
11:45 of 3rd period - Kyle Turris wins face-off versus Nick Bjugstad in Sewer Rats zone.
12:31 of 3rd period - Slapshot by Nick Cousins.
12:31 of 3rd period - Shot Misses the Net.
12:33 of 3rd period - Slapshot by Nick Cousins.
12:33 of 3rd period - Shot Blocked by Ty Wishart.
12:35 of 3rd period - Slapshot by Daniel Carr.
12:35 of 3rd period - Shot Blocked by Petr Straka.
12:37 of 3rd period - Slapshot by Dmitrij Jaskin.
12:37 of 3rd period - Shot Misses the Net.
12:39 of 3rd period - Snap shot by Dmitrij Jaskin.
12:39 of 3rd period - Goal by Dmitrij Jaskin - Sewer Rats : 5 - Sasquatch : 2.
12:40 of 3rd period - Kyle Turris wins face-off versus Drew Shore in neutral zone.
12:48 of 3rd period - Slapshot by Kyle Turris.
12:48 of 3rd period - Shot Misses the Net.
12:50 of 3rd period - Slapshot by Joel Edmundson.
12:50 of 3rd period - Stopped by Joonas Korpisalo with a rebound.
12:52 of 3rd period - Snap shot by Ville Leino.
12:52 of 3rd period - Shot Blocked by Drew Shore.
13:03 of 3rd period - Icing by Danny DeKeiser.
13:04 of 3rd period - Drew Shore wins face-off versus Jonathan Marchessault in Sasquatch zone.
13:04 of 3rd period - Drew Shore is hit by Jared Boll.
14:13 of 3rd period - Snap shot by Tyler Randell.
14:13 of 3rd period - Shot Misses the Net.
14:19 of 3rd period - Snap shot by Joel Edmundson.
14:19 of 3rd period - Shot Misses the Net.
14:21 of 3rd period - Slapshot by Joel Edmundson.
14:21 of 3rd period - Deflect By Nick Cousins.
14:21 of 3rd period - Shot Misses the Net.
14:21 of 3rd period - Puck is out of play.
14:22 of 3rd period - Nick Bjugstad wins face-off versus Kyle Turris in Sasquatch zone.
14:50 of 3rd period - Snap shot by Kyle Turris.
14:50 of 3rd period - Shot Blocked by Nick Leddy.
15:16 of 3rd period - Off-side.
15:17 of 3rd period - Nick Bjugstad wins face-off versus Kyle Turris in neutral zone.
15:24 of 3rd period - Backhand shot by Jason Zucker.
15:24 of 3rd period - Shot Blocked by Steven Kampfer.
15:32 of 3rd period - Snap shot by Garnet Hathaway.
15:32 of 3rd period - Shot Misses the Net.
16:20 of 3rd period - Minor Penalty to Joel Edmundson for Holding.
16:21 of 3rd period - Drew Shore wins face-off versus Ville Leino in Sewer Rats zone.
18:20 of 3rd period - Penalty to Joel Edmundson is over, Joel Edmundson is back on ice.
19:24 of 3rd period - Off-side.
19:25 of 3rd period - Daniel Carr wins face-off versus Sergey Kalinin in neutral zone.
19:30 of 3rd period - Snap shot by Daniel Carr.
19:30 of 3rd period - Shot Blocked by Nick Leddy.
19:32 of 3rd period - Slapshot by Daniel Carr.
19:32 of 3rd period - Shot Misses the Net.
19:34 of 3rd period - Backhand shot by Joel Edmundson.
19:34 of 3rd period - Stopped by Joonas Korpisalo without a rebound.
19:35 of 3rd period - Drew Shore wins face-off versus Kyle Turris in Sasquatch zone.
Goals for this period are 2 for Sewer Rats vs 0 for Sasquatch.
Shots for this period are 10 for Sewer Rats vs 6 for Sasquatch.